Map: 애씨드 플랜트 - 래더

Players

Neglect

  • Race: Terran Terran
  • League: Master
  • Spawn Location: 5:00

Happynaru - Winner!

  • Race: Terran Terran
  • League: Diamond
  • Spawn Location: 11:00

VOD

Have the link to the VOD?

Description

Time

  • Played on: Feb. 7, 2018, 1:21 p.m.
  • Length: 18:19
Show
View Real Time Build Order
Export as new Build Order

Neglect Terran 

Build Orders: 1/1/1, Mech 

Get SALT Encoding   

  12  0:00  SCV  
  13  0:12  SCV  
  14  0:17  Supply Depot  
  14  0:24  SCV  
  15  0:29  Refinery  
  15  0:39  SCV  
  16  0:47  Barracks  
  16  0:51  SCV  
  17  1:03  SCV  
  18  1:15  SCV  
  19  1:27  SCV, Refinery  
  20  1:34  Marine, Factory  
  20  1:39  Orbital Command  
  21  1:52  Supply Depot  
  21  2:05  Reaper  
  21  2:07  SCV  
  22  2:17  Hellion  
  22  2:19  Starport  
  22  2:21  SCV  
  25  2:33  SCV  
  25  2:36  Armory  
  26  2:39  Factory Tech Lab  
  26  2:46  SCV  
  26  2:49  Marine  
  28  2:53  Supply Depot  
  28  2:57  Supply Depot  
  28  2:59  SCV  
  28  3:22  Thor  
  34  3:29  Medivac  
  34  3:33  SCV  
  38  3:45  SCV  
  39  3:55  Command Center  
  38  4:09  Thor  
  44  4:16  Supply Depot  
  44  4:21  SCV  
  45  4:27  Medivac  
  47  4:38  SCV  
  48  5:02  SCV  
  49  5:14  SCV, Thor  
  56  5:17  Orbital Command  
  56  5:19  Refinery x2  
  56  5:26  SCV  
  57  5:39  SCV  
  58  5:44  SCV  
  58  5:45  Command Center  
  57  5:51  SCV  
  52  5:59  Thor  
  52  6:01  Medivac  
  52  6:02  SCV  
  52  6:03  SCV  
  62  6:09  Supply Depot  
  62  6:13  Terran Vehicle Weapons Level 1  
  62  6:14  SCV  
  62  6:15  SCV  
  64  6:25  Bunker  
  62  6:31  Viking  
  64  6:39  SCV  
  66  6:40  SCV  
  66  6:52  Siege Tank  
  66  6:53  SCV x2  
  71  6:56  Supply Depot  
  71  6:57  Supply Depot  
  71  7:07  Starport Reactor  
  63  7:09  Factory  
  63  7:13  SCV x2, Factory  
  65  7:21  Orbital Command  
  65  7:24  Siege Tank  
  65  7:25  SCV x2  
  65  7:27  Engineering Bay  
  70  7:34  Barracks Tech Lab  
  70  7:37  Supply Depot, SCV x2  
  70  7:38  Supply Depot  
  72  7:49  SCV  
  72  7:50  SCV  
  74  8:02  SCV x2  
  74  8:03  Siege Tank, Factory Tech Lab x2  
  79  8:14  SCV  
  78  8:32  SCV  
  78  8:33  Siege Tank  
  78  8:34  Siege Tank  
  70  8:53  Siege Tank, Medivac  
  70  8:54  Refinery  
  75  8:55  Medivac  
  75  8:56  Supply Depot  
  75  8:57  SCV x2, Terran Vehicle Weapons Level 2  
  75  9:00  Supply Depot  
  79  9:09  SCV, Orbital Command  
  80  9:11  Hellion x2  
  84  9:26  Missile Turret, Factory  
  84  9:29  SCV x2, Factory  
  86  9:33  Sensor Tower  
  86  9:48  Missile Turret  
  86  9:51  Missile Turret  
  86  9:53  Missile Turret, Siege Tank  
  86  9:56  Siege Tank  
  86  9:57  Hellion  
  94  10:00  Supply Depot  
  86  10:11  SCV x3  
  86  10:12  Missile Turret, Viking  
  86  10:13  Viking  
  93  10:18  Hellion  
  95  10:24  Factory Reactor  
  95  10:26  Hellion  
  95  10:27  SCV x3  
  100  10:33  Missile Turret x2  
  100  10:34  Missile Turret  
  99  10:39  SCV  
  99  10:40  Siege Tank  
  99  10:41  Hellion, Siege Tank  
  108  10:49  Refinery  
  102  10:50  Refinery  
  102  10:52  Siege Tank  
  102  10:54  Viking  
  113  11:04  Hellion x3  
  113  11:05  Viking  
  115  11:13  SCV x3  
  115  11:16  Sensor Tower  
  118  11:25  Missile Turret, SCV  
  119  11:26  Command Center  
  119  11:37  Infernal Pre-Igniter  
  119  11:41  SCV  
  119  11:42  SCV x2  
  122  11:47  Terran Vehicle Weapons Level 3  
  122  11:49  Hellion x2  
  122  11:50  Hellion x4  
  122  11:51  Armory  
  134  11:55  Supply Depot  
  134  12:00  Command Center  
  133  12:11  Hellion x3  
  139  12:21  Viking x2  
  143  12:30  Siege Tank  
  143  12:31  Hellion, Siege Tank  
  143  12:32  Hellion, Siege Tank  
  156  12:41  Hellion  
  158  12:52  Siege Tank  
  158  12:53  Hellion  
  158  12:56  Terran Ship Weapons Level 1  
  163  13:03  Siege Tank  
  162  13:31  Thor x2  
  162  13:32  Orbital Command  
  170  13:35  Supply Depot  
  170  13:40  Orbital Command  
  170  13:43  Thor  
  176  13:52  Thor  
  176  13:55  Hellion  
  184  13:56  Hellion  
  186  14:14  Siege Tank  
  189  14:17  Siege Tank  
  189  14:18  Hellion  
  189  14:21  Hellion  
  127  15:07  Thor x2  
  127  15:08  Thor  
  127  15:09  Hellion x2  
  125  15:18  Siege Tank  
  118  15:30  Hellion x2  
  104  15:50  Siege Tank, Thor  
  104  15:51  Hellion x4  
  104  15:56  Orbital Command  
  117  16:12  Thor x2  
  117  16:13  Hellion x2  
  130  16:23  Hellion  
  129  16:29  Refinery  
  129  16:33  Hellion  
  129  16:34  Hellion x2, Refinery  
  135  16:41  Missile Turret, Refinery  
  135  16:44  Thor  
  113  16:55  Hellion  
  113  16:56  Thor  
  113  16:57  Hellion  
  95  17:14  Thor  
  99  17:15  Hellion  
  99  17:16  Hellion  
  101  17:27  Hellion x2  
  101  17:30  Command Center  
  101  17:32  Command Center  
  103  17:37  Hellion  
  103  17:38  Hellion  
  111  17:50  Missile Turret  
  111  17:53  Missile Turret  
  111  17:55  Missile Turret  
Show
View Real Time Build Order
Export as new Build Order

Happynaru Terran - Winner!

Build Orders: Reaper Expand 

Get SALT Encoding   

  12  0:01  SCV  
  13  0:13  SCV  
  14  0:17  Supply Depot  
  14  0:25  SCV  
  15  0:38  SCV  
  15  0:40  Barracks  
  16  0:45  Refinery  
  16  0:50  SCV  
  17  1:09  SCV  
  18  1:21  SCV  
  19  1:28  Reaper  
  20  1:33  Orbital Command  
  20  1:55  Command Center  
  20  2:03  Supply Depot  
  20  2:06  Barracks Reactor  
  19  2:10  SCV  
  20  2:22  Factory  
  20  2:24  Refinery  
  20  2:25  SCV  
  21  2:37  SCV  
  22  2:45  Marine x2  
  22  2:49  SCV  
  24  2:58  Bunker  
  24  3:01  SCV  
  24  3:03  Marine x2  
  27  3:08  Factory Tech Lab  
  25  3:21  Marine x2  
  25  3:29  Orbital Command  
  25  3:32  Siege Tank  
  28  3:35  Starport  
  28  3:42  Marine x2  
  28  3:46  SCV  
  31  3:53  Engineering Bay  
  31  3:55  SCV  
  31  3:59  Marine  
  31  4:01  Marine  
  34  4:05  SCV  
  37  4:17  Viking, Widow Mine  
  37  4:21  SCV  
  37  4:22  Marine  
  41  4:24  Marine  
  41  4:26  SCV  
  43  4:32  Supply Depot  
  42  4:47  Marine  
  42  4:48  Marine  
  43  5:05  Marine x2  
  43  5:06  Starport Reactor, Siege Tank  
  48  5:10  SCV x2  
  50  5:19  Supply Depot  
  50  5:23  SCV x2, Marine  
  50  5:25  Marine  
  54  5:40  SCV x2, Siege Tank  
  54  5:41  Marine  
  54  5:42  Viking  
  62  5:52  SCV  
  61  5:58  Marine  
  61  6:03  Terran Infantry Weapons Level 1  
  62  6:05  Supply Depot x2  
  62  6:08  Refinery  
  62  6:10  Refinery  
  62  6:26  Marine x2  
  62  6:27  Viking, SCV x2, Supply Depot  
  62  6:30  Supply Depot  
  66  6:43  Command Center  
  66  6:44  Marine x2  
  65  7:05  Siege Tank, Marine x2  
  65  7:07  Starport Reactor, SCV x2  
  70  7:12  Barracks  
  70  7:14  Supply Depot, Barracks  
  70  7:19  SCV  
  70  7:22  SCV  
  72  7:28  Marine x2  
  74  7:31  SCV  
  74  7:34  SCV, Barracks  
  74  7:36  Barracks  
  76  7:38  Engineering Bay, Armory  
  76  7:40  Supply Depot  
  76  7:43  SCV  
  77  7:46  Marine x2  
  79  7:51  Siege Tank  
  76  8:06  Marine x4  
  71  8:24  Viking x2, Marine x2  
  77  8:31  Marine x2  
  72  8:42  Marine x2  
  72  8:43  Siege Tank  
  72  8:45  Barracks Tech Lab  
  77  8:51  Barracks Reactor, Barracks Tech Lab  
  77  8:53  SCV x2  
  77  8:55  Orbital Command  
  76  8:59  Marine  
  76  9:00  Marine  
  78  9:10  Stimpack  
  78  9:11  Barracks Reactor, Combat Shields  
  78  9:13  Medivac x2  
  78  9:15  Siege Tank  
  78  9:16  SCV x2  
  87  9:23  Marine x2  
  91  9:24  Marauder  
  91  9:27  Marauder  
  91  9:28  SCV, Marine  
  91  9:30  Marine  
  96  9:33  SCV x2  
  96  9:37  Terran Infantry Armor Level 1  
  98  9:47  Marine x5  
  103  9:56  Starport  
  103  9:57  SCV  
  103  9:58  Starport  
  103  9:59  Marine x2  
  106  10:08  Marine x4  
  106  10:09  Marine  
  111  10:14  SCV  
  111  10:15  SCV  
  111  10:17  Supply Depot  
  111  10:19  Terran Ship Weapons Level 1  
  113  10:22  SCV  
  113  10:27  SCV  
  115  10:33  Terran Infantry Weapons Level 2  
  115  10:35  Starport Reactor, Starport Tech Lab  
  114  10:41  Fusion Core  
  114  10:42  Marine x2  
  114  10:43  Marine x3  
  114  10:44  SCV  
  114  10:46  SCV x2  
  122  10:56  Viking x2, SCV  
  127  10:58  SCV  
  127  10:59  Viking  
  130  11:06  Marine x3  
  130  11:09  Supply Depot  
  133  11:15  Supply Depot  
  133  11:19  Liberator  
  133  11:20  Liberator  
  133  11:28  Marine  
  133  11:31  SCV, Marine x5, Marauder  
  141  11:37  Viking x3, Siege Tank, Marine  
  157  11:54  Advanced Ballistics  
  157  11:57  Supply Depot  
  157  11:58  Supply Depot  
  157  12:03  Liberator  
  157  12:17  Supply Depot  
  157  12:19  Viking, Marine x2, Marauder x2  
  157  12:20  Marine x4  
  172  12:23  Refinery  
  172  12:28  Refinery  
  172  12:30  Command Center  
  172  12:37  Marine  
  172  12:38  Marine  
  172  12:39  Viking, Marine, Concussive Shells  
  172  12:40  Siege Tank  
  180  12:47  Viking  
  181  12:58  Supply Depot x2, SCV  
  181  13:00  Liberator  
  181  13:08  Terran Infantry Armor Level 2  
  181  13:09  Viking  
  181  13:12  Viking  
  175  13:28  SCV x2  
  175  13:33  SCV, Liberator x2  
  178  13:34  Liberator  
  178  13:35  Missile Turret  
  178  13:40  SCV x2  
  180  13:45  SCV  
  184  13:50  Liberator  
  184  13:52  SCV  
  188  14:01  Planetary Fortress  
  190  14:18  SCV x3  
  190  14:30  Liberator  
  160  14:37  Marine x4  
  160  14:38  Marauder  
  157  14:45  Siege Tank  
  160  14:52  Marine x3  
  148  15:04  Marine  
  148  15:05  Marine x4  
  153  15:11  Marauder  
  155  15:17  Siege Tank  
  155  15:19  Marine x2  
  143  15:22  Marine  
  143  15:23  Marauder  
  143  15:25  Liberator  
  127  15:33  Marine  
  127  15:34  Marine x3  
  123  15:49  Cyclone  
  128  15:52  SCV x4  
  132  16:04  SCV, Liberator x2  
  132  16:11  Marine x4, Marauder  
  128  16:12  Marauder  
  128  16:13  SCV x2  
  128  16:16  Liberator  
  134  16:21  Cyclone  
  143  16:30  Marine  
  143  16:31  Marine x2  
  146  16:33  Marauder  
  118  17:05  Marine x4  
  118  17:06  Marauder  
  118  17:12  Marine x2, Marauder  
  118  17:14  Siege Tank  
  121  17:23  Marine x2  
  121  17:24  Marine x2  
  121  17:27  Marine  
  125  17:30  Marine x2  
  125  17:34  Marauder  
  129  17:41  Marine x2, Factory  
  131  17:45  Marine x2, Marauder  
  131  17:46  Siege Tank  
  131  17:48  Marine x2  
  140  17:55  Marauder  
  142  17:59  Marine x2  
Tags
 
Composition
Mech
Matchup
TvT
Race
Terran
Replay Pack
Desktop
Spawn Locations
Cross Positions
Add a new tag
Caveats
  • Supply blocks, unpowered buildings, or Contaminate may cause inaccurate times.
  • Supply counts are checked every 10 seconds.